 Dungeon Crawl Stone Soup version 0.27.1-16-g815e20cd7a (webtiles) character file.

Game seed: 5258376460892043149

27 Eitelfritz the Ducker (level 2, -4/22 HPs)
             Began as a Demonspawn Gladiator on Nov 22, 2021.
             Succumbed to Terence's poison
             ... on level 2 of the Dungeon.
             The game lasted 00:01:27 (854 turns).

Eitelfritz the Ducker (Demonspawn Gladiator)         Turns: 854, Time: 00:01:27

Health: -4/22      AC:  7    Str: 14    XL:     2   Next: 93%
Magic:  2/2        EV: 10    Int:  9    God:
Gold:   38         SH:  0    Dex: 14    Spells: 1/1 levels left

rFire    . . .     SeeInvis .   a - +0 long sword
rCold    . . .     Faith    .   (no shield)
rNeg     . . .     Spirit   .   g - +0 scale mail
rPois    .         Reflect  .   c - +0 helmet
rElec    .         Harm     .   (no cloak)
rCorr    .         Rampage  .   (no gloves)
Will     .....                  (no boots)
Stlth    ..........             (no amulet)
HPRegen  0.07/turn              (no ring)
MPRegen  0.16/turn              (no ring)

@: lethally poisoned (-4 -> -26)
A: magic regeneration
a: no special abilities


You were on level 2 of the Dungeon.
You visited 1 branch of the dungeon, and saw 2 of its levels.

You collected 38 gold pieces.

Inventory:

Hand Weapons
 a - a +0 long sword (weapon)
Missiles
 d - 3 throwing nets (quivered)
 f - 6 curare-tipped darts
Armour
 c - a +0 helmet (worn)
 g - a +0 scale mail (worn)
Scrolls
 e - 3 scrolls of identify {unknown}
 h - a scroll of blinking {unknown}
 i - a scroll of silence {unknown}


   Skills:
 + Level 2.0 Fighting
 + Level 3.1 Long Blades
 + Level 1.9 Throwing
 + Level 0.9 Armour
 + Level 3.1 Dodging


You had one spell level left.
You didn't know any spells.
Your spell library was empty.

Dungeon Overview and Level Annotations

Branches:
Dungeon (2/15)

Altars:

Annotations:
D:2 Terence


Innate Abilities, Weirdness & Mutations

You regenerate magic rapidly.


Message History

You slash the giant cockroach!
You kill the giant cockroach!
The endoplasm closely misses you.
You riposte.
You hit the endoplasm.
The endoplasm is almost dead.
You hit the endoplasm.
You kill the endoplasm!
You open the door.
A giant cockroach comes into view.
Found a mace.
A giant cockroach is nearby!
The giant cockroach barely misses you.
You riposte.
You slash the giant cockroach!
You kill the giant cockroach!
There is an open door here.
Found 16 gold pieces.
You now have 38 gold pieces (gained 16).
You open the door.
An endoplasm and Terence come into view.
Terence is wielding a +6 short sword of venom.
The endoplasm quivers.
Terence shouts!
There are monsters nearby!
Terence barely misses you.
There is an open door here.
You hit Terence but do no damage.
Terence hits you with a +6 short sword of venom.
You are poisoned.
The endoplasm freezes you.
You are frozen.
You barely miss Terence.
You feel very sick.
Terence hits you with a +6 short sword of venom!
You are more poisoned.
The endoplasm freezes you.
You are frozen.
* * * LOW HITPOINT WARNING * * *
Terence hits you with a +6 short sword of venom.
* * * LOW HITPOINT WARNING * * *
You closely miss Terence.
You die...

#.# ##.# #######..#
#.......##
#.#####..#
#.######.# +
........## ##.##
#.######.#####....#
#)#...@J#
#.#.###@.#
#.#..)##...#
..#####.###'######
................#.#
......>...........#
...........#####..#
...#.#####.# ..
..... #.#


You could see Terence and an endoplasm.

Vanquished Creatures
  A dart slug (D:1)
  5 endoplasms
  3 giant cockroaches
  2 goblins
  2 hobgoblins (D:1)
  4 ball pythons (D:1)
  2 kobolds (D:1)
  2 rats (D:1)
21 creatures vanquished.

Vanquished Creatures (others)
  3 fungi (D:1)
  A plant (D:1)
4 creatures vanquished.

Grand Total: 25 creatures vanquished

Notes
Turn   | Place    | Note
-------+----------+-------------------------------------------
     0 | D:1      | Eitelfritz the Demonspawn Gladiator began the quest for the
                  | Orb.
     0 | D:1      | Reached XP level 1. HP: 16/16 MP: 1/1
   354 | D:1      | Found a faded altar of an unknown god.
   447 | D:1      | Gained mutation: You regenerate magic rapidly. [demonic
                  | ancestry]
   447 | D:1      | Reached XP level 2. HP: 21/22 MP: 2/2
   850 | D:2      | Noticed Terence
   854 | D:2      | Succumbed to Terence's poison

Illustrated notes

Levels and vault maps discovered:
D:1:      ebering_hopf_link, layout_rooms,
          shapermc_ecumenical_altar_mp_urbaneastern
D:2:      minmay_chambers_of_ones, layout_loops_ring, uniq_sigmund, uniq_terence

Skill      XL: |  1  2 |
---------------+-------+-----
Dodging        | 3 |  3.1
Long Blades    | 3 |  3.1
Fighting       | |  2.0
Throwing       | |  1.9
Armour         | |  0.9

Action                   || total
-------------------------++-------
Melee: Long sword        ||    49
Armor: Leather armour    ||    18
       Scale mail        ||     4
Dodge: Dodged            ||    33
       Rpst.: Long sword ||    14
